 Dungeon Crawl Stone Soup version 0.27.0-1-g7a089689b8 (webtiles) character file.

Game seed: 6674378571741959493

267 infcreate the Covered (level 6, -9/39 HPs)
             Began as a Gargoyle Fighter on Aug 7, 2021.
             Mangled by an ogre (18 damage)
             ... on level 4 of the Dungeon.
             The game lasted 00:05:00 (3462 turns).

infcreate the Covered (Gargoyle Fighter)            Turns: 3462, Time: 00:05:00

Health: -9/39      AC: 13    Str: 20    XL:     6   Next: 21%
Magic:  6/6        EV:  7    Int: 10    God:
Gold:   183        SH:  9    Dex:  9    Spells: 5/5 levels left

rFire    . . .     SeeInvis .   a - +0 flail
rCold    . . .     Faith    .   c - +0 kite shield
rNeg     + . .     Spirit   .   b - +0 scale mail
rPois    ∞         Reflect  .   f - +2 hat
rElec    +         Harm     .   (no cloak)
rCorr    .         Rampage  .   (no gloves)
Will     .....                  (no boots)
Stlth    ..........             (no amulet)
HPRegen  0.13/turn              (no ring)
MPRegen  0.10/turn              (no ring)

@: no status effects
A: sickness immunity, AC +4, negative energy resistance 1, electricity
resistance, torment resistance 1, petrification resistance
a: no special abilities


You were on level 4 of the Dungeon.
You visited 1 branch of the dungeon, and saw 4 of its levels.
You also visited: Sewer.

You collected 183 gold pieces.


Innate Abilities, Weirdness & Mutations

You are immune to sickness and miasma.
Your stone body is resilient. (AC +4)
You are immune to poison.
You resist negative energy. (rN+)
You are resistant to electric shocks. (rElec)
You are resistant to unholy torment.
You are immune to petrification.


   Skills:
 + Level 4.6 Fighting
 + Level 3.5 Maces & Flails
 + Level 4.7 Armour
 + Level 4.6 Shields


You had 5 spell levels left.
You didn't know any spells.
Your spell library contained the following spells:

 Spells                   Type           Power      Damage    Failure   Level
 Gell's Gravitas          Tloc           0%         N/A       100%        3
 Teleport Other           Tloc           0%         N/A       100%        3
 Dispersal                Tloc           0%         N/A       100%        6

Inventory:

Hand Weapons
 a - a +0 flail (weapon)
Armour
 b - a +0 scale mail (worn)
 c - a +0 kite shield (worn)
 f - a +2 hat (worn)
Magical Staves
 l - a staff of earth {!a}
Wands
 u - a wand of flame (15)
Scrolls
 g - a scroll of teleportation {unknown}
 j - a scroll of identify {@r1}
 k - a scroll of noise
 s - a scroll of blinking {unknown}
 t - a scroll of fog {unknown}
Potions
 d - a potion of might
 e - 4 potions of lignification {unknown}
 h - a potion of degeneration {unknown}
 i - 3 potions of flight
 m - a potion of haste {unknown}
 n - 2 potions of curing {unknown}
 o - a potion of invisibility {unknown}
 p - 2 potions of attraction {unknown}
 q - a potion of cancellation {unknown}
 r - 2 potions of berserk rage {unknown}
 v - a potion of brilliance {unknown}

Dungeon Overview and Level Annotations

Branches:
Dungeon (4/15)              Sewer (visited)
 Temple: D:4-7

Altars:

Shops:
D:3 =

Annotations:
D:3 Grinder

#≈# ##.....# #≈#
#....... #≈#
##.O.###. ## ##≈#
#...## #
#.######..####..##
##.........##..##
#.............##
##..............#
#.....@O..........#
##...........##.....♣
##..........# .......
#..........# .......
##..................
#...######.........
#.### .### ## .


You could see an ogre.


Message History

The ball python bites you but does no damage.
The ball python grabs you. The ball python constricts you.
You escape the ball python's grasp.
The ball python bites you but does no damage.
The ball python grabs you. The ball python constricts you.
The ball python's grasp on you weakens, but your attempt to escape fails.
The ball python bites you but does no damage.
The ball python constricts you.
You escape the ball python's grasp.
The ball python bites you but does no damage.
You block the ball python's attack.
There is a stone staircase leading up here.
The ball python bites you but does no damage.
The ball python barely misses you.
You climb upwards.
Level annotation: Grinder
There is a stone staircase leading down here.
You hit the ball python.
You kill the ball python!
No target in view!
You start waiting.
Done waiting.
You climb downwards.
The ogre hits you with a +0 giant club!
There is a stone staircase leading up here.
You sock the ogre!
The ogre is moderately wounded.
The ogre hits you with a +0 giant club!
* * * LOW HITPOINT WARNING * * *
The ogre hits you with a +0 giant club!!
You die...

Skill      XL: |  1  2  3  4  5 |
---------------+----------------+-----
Fighting       | 4 |  4.6
Armour         | 4 |  4.7
Shields        | 4 |  4.6
Maces & Flails | 3 |  3.5

Action                   |  1- 3 |  4- 6 || total
-------------------------+-------+-------++-------
Melee: Flail             |   137 |   108 ||   245
  Use: Scroll            |       |     2 ||     2
       Potion            |       |     1 ||     1
Armor: Scale mail        |    62 |    80 ||   142
Dodge: Dodged            |    52 |    37 ||    89
Block: Kite shield       |    75 |    59 ||   134

Levels and vault maps discovered:
D:1:      mrwooster_arrival_statue_3, layout_rooms
D:2:      layout_loops_ring, uniq_jessica
D:3:      layout_rooms, serial_shops, nicolae_shop_crystal, uniq_grinder
D:4:      cheibrodos_thug_alley, layout_layer_cave, portal_sewer_entry_d,
          serial_shops, nicolae_square_shop, serial_bayou_ford_a,
          minmay_crossroads

Notes
Turn   | Place    | Note
-------+----------+-------------------------------------------
     0 | D:1      | infcreate the Gargoyle Fighter began the quest for the Orb.
     0 | D:1      | Reached XP level 1. HP: 14/14 MP: 1/1
   392 | D:1      | Reached XP level 2. HP: 19/19 MP: 2/2
   584 | D:1      | Reached XP level 3. HP: 18/23 MP: 3/3
  1292 | D:2      | Reached XP level 4. HP: 26/29 MP: 4/4
  1486 | D:2      | Noticed Jessica
  1491 | D:2      | Killed Jessica
  1492 | D:2      | Reached skill level 4 in Fighting
  1492 | D:2      | Reached skill level 4 in Armour
  1627 | D:2      | Reached skill level 4 in Shields
  2182 | D:3      | Found Usotoj's Jewellery Shop.
  2216 | D:3      | Noticed Grinder
  2570 | D:4      | Reached XP level 5. HP: 14/33 MP: 5/5
  2739 | D:4      | Found a glowing drain.
  2748 | Sewer    | Entered a sewer
  2755 | Sewer    | Reached skill level 3 in Maces & Flails
  2872 | Sewer    | Noticed a water moccasin
  2897 | Sewer    | Killed a water moccasin
  2898 | Sewer    | Reached XP level 6. HP: 4/39 MP: 6/6
  3462 | D:4      | Mangled by an ogre

Vanquished Creatures
  A water moccasin (Sewer)
  A hound (D:4)
  Jessica (D:2)
  2 adders
  A worm (D:3)
  3 dart slugs
  2 orcs (D:3)
  10 ball pythons
  5 endoplasms
  2 giant cockroaches
  6 goblins
  2 hobgoblins (D:1)
  9 jackals
  4 quokkas
  A bat (D:1)
  3 frilled lizards
  11 kobolds
  5 rats
69 creatures vanquished.

Table legend: (Time is in decaauts)
 A = Elapsed time spent in this place.
 B = Non-inter-level travel time spent in this place.
 C = Inter-level travel time spent in this place.
 D = Time resting spent in this place.
 E = Time spent auto-exploring this place.
 F = Levels seen in this place.
 G = Mean time per level.
                   A        B        C        D        E       F      G
               +--------+--------+--------+--------+--------+-----+--------+
         Total |   3608 |   3533 |     75 |    652 |   2102 |   5 |  721.6 |
       Dungeon |   3118 |   3043 |     75 |    390 |   1955 |   4 |  779.5 |
         Sewer |    490 |    490 |      0 |    262 |    147 |   1 |  490.0 |
               +--------+--------+--------+--------+--------+-----+--------+

Top non-repeatable levels by time:
     D:1: 1063 daAuts
     D:2: 1022 daAuts
     D:3: 656 daAuts
   Sewer: 490 daAuts
     D:4: 375 daAuts

Table legend:
 A = Non-vault XP
 B = Vault XP
 C = Vault XP percentage of total XP
 D = Non-vault monster count
 E = Vault monster count
 F = Vault count percentage of total count
                 A         B        C        D         E       F
            +---------+---------+-------+---------+---------+-------
      Total |     165 |     217 |  56.8 |      61 |       8 |  11.6
            +---------+---------+-------+---------+---------+-------
        D:1 |      54 |       0 |   0.0 |      29 |       0 |   0.0
        D:2 |      39 |      37 |  48.7 |      16 |       1 |   5.9
        D:3 |      29 |       0 |   0.0 |      15 |       0 |   0.0
        D:4 |      43 |      14 |  24.6 |       1 |       1 |  50.0
      Sewer |       0 |     166 | 100.0 |       0 |       6 | 100.0
            +---------+---------+-------+---------+---------+-------
